[ PARTIDA AOE2 · #468075917 ]
UnrankedEtíopes vs Khmer
[ ANÁLISIS DE REPETICIÓN · EXTRAÍDO DE LA PARTIDA GRABADA ]
Feudal
12:00
Castillos
24:28
Imperial
—
| APM promedio | 10.9 |
| APM pico | 45 |
| eAPM promedio | 6.8 |
| Aldeanos / militares | 62 / 61 |
Foco
⚔️ 37.3% · 🌾 62.7%
Spearman ×46 · Archer ×15
Feudal
10:40
Castillos
21:20
Imperial
41:09
| APM promedio | 20.9 |
| APM pico | 65 |
| eAPM promedio | 12.1 |
| Aldeanos / militares | 91 / 162 |
Foco
⚔️ 37.0% · 🌾 63.0%
Scout Cavalry ×109 · Archer ×27 · Ballista Elephant ×13 · Spearman ×8 · Trebuchet (Packed) ×5
Feudal
11:52
Castillos
28:38
Imperial
—
| APM promedio | 21.3 |
| APM pico | 82 |
| eAPM promedio | 8.7 |
| Aldeanos / militares | 129 / 63 |
Foco
⚔️ 24.3% · 🌾 75.7%
Archer ×49 · Spearman ×14
Feudal
9:12
Castillos
24:10
Imperial
42:28
| APM promedio | 31.0 |
| APM pico | 75 |
| eAPM promedio | 13.3 |
| Aldeanos / militares | 99 / 236 |
Foco
⚔️ 42.2% · 🌾 57.8%
Camel Scout ×84 · Steppe Lancer ×74 · Spearman ×21 · Scout Cavalry ×20 · Mangudai ×15 · Knight ×10
Feudal
12:26
Castillos
17:29
Imperial
39:06
| APM promedio | 32.7 |
| APM pico | 81 |
| eAPM promedio | 17.1 |
| Aldeanos / militares | 162 / 173 |
Foco
⚔️ 33.3% · 🌾 66.7%
Skirmisher ×59 · Leitis ×56 · Knight ×32 · Scout Cavalry ×8 · Battering Ram ×6 · Spearman ×5
Feudal
12:04
Castillos
24:11
Imperial
47:00
| APM promedio | 21.1 |
| APM pico | 59 |
| eAPM promedio | 11.2 |
| Aldeanos / militares | 108 / 313 |
Foco
⚔️ 36.1% · 🌾 63.9%
Samurai ×123 · Spearman ×77 · Archer ×49 · Skirmisher ×47 · Battering Ram ×11 · Trebuchet (Packed) ×6
Mapa de la partida
Recursos iniciales + cada clic de construcción. Líneas = muros · curvas = relieve. ◆ oro · ⬟ piedra · ● bayas · ✦ reliquia · ◌ hueco del cierre
Tu base· Abierta — flanco sin cerrar
Base de zizoo_nico· Abierta — flanco sin cerrar
Base de IvoRacing92· ✓ Cerrada en 28:38 · 75t muro · 2 puerta(s)
Base de Levreap· Abierta — flanco sin cerrar
Base de mgabriels· Abierta — hueco de 5t
Base de Yuriya· Abierta — flanco sin cerrar
Terreno inicial suavizado · ◌ = hueco del cierre detectado · pasá el cursor para detalles
Inputs por minuto
— Painbath - - zizoo_nico
Build order — Painbath
Primeras 150 de 211 acciones detectadas
| 0:01 | Crear | Villager (Male) |
| 0:01 | Crear | Villager (Male) |
| 0:01 | Crear | Villager (Male) |
| 0:02 | Crear | Villager (Male) |
| 0:02 | Crear | Villager (Male) |
| 0:05 | Construir | House |
| 0:07 | Construir | House |
| 1:33 | Crear | Villager (Male) |
| 1:56 | Construir | Lumber Camp |
| 2:23 | Crear | Villager (Male) |
| 2:58 | Crear | Villager (Male) |
| 3:52 | Crear | Villager (Male) |
| 3:52 | Crear | Villager (Male) |
| 3:52 | Crear | Villager (Male) |
| 4:31 | Construir | House |
| 4:46 | Crear | Villager (Male) |
| 4:46 | Crear | Villager (Male) |
| 5:24 | Construir | Mill |
| 5:52 | Crear | Villager (Male) |
| 5:53 | Crear | Villager (Male) |
| 6:48 | Crear | Villager (Male) |
| 6:49 | Crear | Villager (Male) |
| 7:11 | Construir | House |
| 7:42 | Crear | Villager (Male) |
| 8:10 | Crear | Villager (Male) |
| 8:20 | Crear | Villager (Male) |
| 9:02 | Construir | Barracks |
| 9:06 | Investigar | Loom |
| 9:50 | Investigar | Feudal Age |
| 10:01 | Construir | House |
| 10:05 | Construir | House |
| 11:09 | Construir | Farm |
| 11:10 | Construir | Farm |
| 11:12 | Construir | Farm |
| 11:14 | Construir | Farm |
| 11:15 | Construir | Farm |
| 11:32 | Construir | Farm |
| 11:33 | Construir | Farm |
| 11:44 | Construir | Farm |
| 11:48 | Construir | Farm |
| 12:00 | Edad | Edad Feudal |
| 12:04 | Construir | Blacksmith |
| 12:12 | Crear | Villager (Male) |
| 12:13 | Crear | Villager (Male) |
| 12:16 | Crear | Villager (Male) |
| 13:21 | Construir | Archery Range |
| 13:58 | Construir | Palisade Wall |
| 14:32 | Crear | Archer |
| 14:33 | Crear | Archer |
| 14:33 | Crear | Archer |
| 14:34 | Crear | Archer |
| 14:52 | Construir | Mining Camp |
| 14:54 | Crear | Villager (Male) |
| 14:54 | Crear | Villager (Male) |
| 15:06 | Construir | Palisade Wall |
| 15:22 | Investigar | Padded Archer Armor |
| 15:27 | Crear | Villager (Male) |
| 16:56 | Crear | Spearman |
| 16:56 | Crear | Spearman |
| 17:46 | Construir | Watch Tower |
| 18:34 | Crear | Spearman |
| 18:35 | Crear | Spearman |
| 18:52 | Crear | Spearman |
| 20:00 | Crear | Villager (Male) |
| 20:04 | Crear | Villager (Male) |
| 20:21 | Construir | House |
| 20:23 | Construir | House |
| 21:03 | Crear | Villager (Male) |
| 21:03 | Crear | Villager (Male) |
| 21:45 | Investigar | Castle Age |
| 22:34 | Construir | Stone Wall |
| 24:28 | Edad | Edad de los Castillos |
| 24:39 | Crear | Villager (Male) |
| 24:39 | Crear | Villager (Male) |
| 24:41 | Crear | Villager (Male) |
| 24:41 | Crear | Villager (Male) |
| 24:53 | Construir | Lumber Camp |
| 25:26 | Investigar | Crossbowman (upgrade) |
| 25:42 | Construir | House |
| 25:44 | Construir | House |
| 25:46 | Construir | House |
| 25:59 | Construir | Farm |
| 26:59 | Crear | Archer |
| 27:00 | Crear | Archer |
| 27:00 | Crear | Archer |
| 27:00 | Crear | Archer |
| 27:01 | Crear | Archer |
| 27:01 | Crear | Archer |
| 27:01 | Crear | Archer |
| 29:12 | Construir | Stone Wall |
| 30:33 | Crear | Archer |
| 30:34 | Crear | Archer |
| 30:34 | Crear | Archer |
| 30:34 | Crear | Archer |
| 31:30 | Construir | Farm |
| 31:59 | Construir | Farm |
| 32:36 | Construir | Farm |
| 33:01 | Construir | Farm |
| 33:46 | Construir | Farm |
| 33:53 | Crear | Villager (Male) |
| 33:54 | Crear | Villager (Male) |
| 33:54 | Crear | Villager (Male) |
| 33:55 | Crear | Villager (Male) |
| 33:55 | Crear | Villager (Male) |
| 33:55 | Crear | Villager (Male) |
| 33:56 | Crear | Villager (Male) |
| 33:56 | Crear | Villager (Male) |
| 33:56 | Crear | Villager (Male) |
| 33:58 | Crear | Villager (Male) |
| 33:58 | Crear | Villager (Male) |
| 33:59 | Crear | Villager (Male) |
| 34:58 | Construir | Lumber Camp |
| 36:24 | Crear | Spearman |
| 36:25 | Crear | Spearman |
| 36:25 | Crear | Spearman |
| 36:25 | Crear | Spearman |
| 36:26 | Crear | Spearman |
| 36:26 | Crear | Spearman |
| 36:26 | Crear | Spearman |
| 36:26 | Crear | Spearman |
| 37:12 | Investigar | Squires |
| 37:39 | Construir | Farm |
| 39:30 | Construir | Market |
| 40:13 | Investigar | Wheelbarrow |
| 40:57 | Crear | Villager (Male) |
| 40:58 | Crear | Villager (Male) |
| 40:59 | Crear | Villager (Male) |
| 41:00 | Crear | Villager (Male) |
| 41:17 | Construir | Town Center |
| 41:55 | Construir | Barracks |
| 41:57 | Construir | Barracks |
| 41:59 | Construir | Barracks |
| 42:47 | Investigar | Double-Bit Axe |
| 42:57 | Crear | Spearman |
| 42:57 | Crear | Spearman |
| 42:57 | Crear | Spearman |
| 42:57 | Crear | Spearman |
| 43:00 | Crear | Spearman |
| 43:01 | Crear | Spearman |
| 43:27 | Investigar | Hand Cart |
| 43:40 | Investigar | Forging |
| 43:41 | Investigar | Scale Mail Armor |
| 44:05 | Construir | Barracks |
| 44:07 | Construir | Barracks |
| 44:09 | Construir | Barracks |
| 44:14 | Crear | Spearman |
| 44:14 | Crear | Spearman |
| 44:15 | Crear | Spearman |
| 44:15 | Crear | Spearman |
| 44:15 | Crear | Spearman |
Build order — zizoo_nico
Primeras 150 de 362 acciones detectadas
| 0:02 | Crear | Villager (Male) |
| 0:03 | Investigar | Loom |
| 0:04 | Crear | Villager (Male) |
| 0:04 | Crear | Villager (Male) |
| 0:04 | Crear | Villager (Male) |
| 0:08 | Construir | House |
| 0:09 | Construir | House |
| 0:18 | Construir | Farm |
| 0:19 | Construir | Farm |
| 0:42 | Construir | House |
| 1:42 | Crear | Villager (Male) |
| 2:24 | Crear | Villager (Male) |
| 2:43 | Crear | Villager (Male) |
| 3:24 | Crear | Villager (Male) |
| 3:24 | Crear | Villager (Male) |
| 3:41 | Crear | Villager (Male) |
| 3:41 | Crear | Villager (Male) |
| 4:06 | Construir | House |
| 4:24 | Crear | Villager (Male) |
| 4:32 | Crear | Villager (Male) |
| 5:06 | Crear | Villager (Male) |
| 5:06 | Crear | Villager (Male) |
| 5:32 | Crear | Villager (Male) |
| 5:51 | Crear | Villager (Male) |
| 6:01 | Construir | Lumber Camp |
| 6:39 | Crear | Villager (Male) |
| 7:16 | Crear | Villager (Male) |
| 7:51 | Construir | Farm |
| 7:59 | Construir | Farm |
| 8:05 | Crear | Villager (Male) |
| 8:10 | Construir | Farm |
| 8:29 | Investigar | Feudal Age |
| 8:36 | Construir | Mining Camp |
| 9:23 | Construir | Farm |
| 9:38 | Construir | House |
| 9:40 | Construir | House |
| 9:40 | Construir | House |
| 10:04 | Crear | Villager (Male) |
| 10:04 | Crear | Villager (Male) |
| 10:16 | Construir | Farm |
| 10:28 | Construir | Farm |
| 10:40 | Edad | Edad Feudal |
| 10:46 | Construir | Stable |
| 11:14 | Crear | Scout Cavalry |
| 11:14 | Crear | Scout Cavalry |
| 11:15 | Crear | Scout Cavalry |
| 11:23 | Crear | Scout Cavalry |
| 11:31 | Construir | Farm |
| 11:39 | Construir | Farm |
| 11:41 | Crear | Villager (Male) |
| 11:58 | Construir | Farm |
| 12:05 | Construir | Farm |
| 12:07 | Crear | Villager (Male) |
| 12:15 | Crear | Villager (Male) |
| 12:41 | Construir | Blacksmith |
| 12:48 | Crear | Villager (Male) |
| 12:53 | Crear | Scout Cavalry |
| 13:16 | Crear | Villager (Male) |
| 13:24 | Construir | Farm |
| 13:32 | Construir | Farm |
| 13:39 | Construir | House |
| 13:39 | Construir | House |
| 13:43 | Crear | Villager (Male) |
| 13:49 | Crear | Scout Cavalry |
| 14:00 | Construir | Mill |
| 14:07 | Construir | Farm |
| 14:09 | Investigar | Scale Barding Armor |
| 14:25 | Crear | Villager (Male) |
| 14:49 | Investigar | Bloodlines |
| 15:03 | Crear | Villager (Male) |
| 15:03 | Crear | Villager (Male) |
| 15:26 | Crear | Villager (Male) |
| 15:26 | Crear | Villager (Male) |
| 16:20 | Crear | Villager (Male) |
| 16:21 | Crear | Villager (Male) |
| 16:21 | Crear | Villager (Male) |
| 16:30 | Construir | Archery Range |
| 16:31 | Construir | Archery Range |
| 17:32 | Crear | Villager (Male) |
| 17:39 | Construir | Farm |
| 18:40 | Investigar | Castle Age |
| 18:43 | Crear | Archer |
| 18:43 | Crear | Archer |
| 18:48 | Crear | Archer |
| 18:48 | Crear | Archer |
| 19:01 | Construir | House |
| 19:04 | Crear | Archer |
| 19:06 | Crear | Archer |
| 19:21 | Investigar | Fletching |
| 19:22 | Investigar | Padded Archer Armor |
| 19:24 | Investigar | Double-Bit Axe |
| 19:51 | Crear | Archer |
| 19:55 | Investigar | Horse Collar |
| 20:01 | Investigar | Gold Mining |
| 20:11 | Construir | House |
| 20:18 | Crear | Archer |
| 20:20 | Crear | Archer |
| 20:37 | Crear | Archer |
| 20:55 | Crear | Archer |
| 21:03 | Crear | Archer |
| 21:10 | Construir | House |
| 21:14 | Crear | Villager (Male) |
| 21:14 | Crear | Villager (Male) |
| 21:14 | Crear | Villager (Male) |
| 21:14 | Crear | Villager (Male) |
| 21:20 | Edad | Edad de los Castillos |
| 21:26 | Investigar | Bodkin Arrow |
| 21:43 | Construir | House |
| 21:50 | Crear | Archer |
| 22:29 | Investigar | Leather Archer Armor |
| 22:39 | Crear | Villager (Male) |
| 22:45 | Construir | House |
| 22:49 | Crear | Archer |
| 23:25 | Investigar | Crossbowman (upgrade) |
| 23:28 | Crear | Archer |
| 23:28 | Crear | Archer |
| 23:33 | Investigar | Husbandry |
| 23:40 | Crear | Villager (Male) |
| 23:40 | Crear | Villager (Male) |
| 23:53 | Construir | Town Center |
| 24:02 | Crear | Archer |
| 24:04 | Crear | Archer |
| 24:45 | Investigar | Light Cavalry (upgrade) |
| 25:05 | Construir | University |
| 25:40 | Crear | Villager (Male) |
| 25:41 | Crear | Villager (Male) |
| 25:41 | Crear | Villager (Male) |
| 25:41 | Crear | Villager (Male) |
| 25:47 | Construir | Town Center |
| 26:22 | Investigar | Heated Shot |
| 27:55 | Investigar | Gold Shaft Mining |
| 27:59 | Crear | Villager (Male) |
| 27:59 | Crear | Villager (Male) |
| 27:59 | Crear | Villager (Male) |
| 29:24 | Crear | Scout Cavalry |
| 29:25 | Crear | Scout Cavalry |
| 29:25 | Crear | Scout Cavalry |
| 29:25 | Crear | Scout Cavalry |
| 29:25 | Crear | Scout Cavalry |
| 29:38 | Construir | Farm |
| 29:42 | Crear | Villager (Male) |
| 29:42 | Crear | Villager (Male) |
| 29:42 | Crear | Villager (Male) |
| 30:01 | Investigar | Ballistics |
| 30:05 | Investigar | Murder Holes |
| 30:10 | Crear | Villager (Male) |
| 31:00 | Construir | Barracks |
| 31:13 | Investigar | Forging |
| 31:13 | Investigar | Scale Mail Armor |
| 31:37 | Crear | Archer |
Build order — IvoRacing92
Primeras 150 de 244 acciones detectadas
| 0:01 | Crear | Villager (Male) |
| 0:01 | Crear | Villager (Male) |
| 0:02 | Crear | Villager (Male) |
| 0:02 | Crear | Villager (Male) |
| 0:02 | Crear | Villager (Male) |
| 0:05 | Construir | House |
| 0:06 | Construir | House |
| 1:42 | Crear | Villager (Male) |
| 1:49 | Construir | Lumber Camp |
| 2:07 | Crear | Villager (Male) |
| 2:07 | Crear | Villager (Male) |
| 2:50 | Crear | Villager (Male) |
| 2:50 | Crear | Villager (Male) |
| 3:32 | Crear | Villager (Male) |
| 3:33 | Crear | Villager (Male) |
| 3:33 | Crear | Villager (Male) |
| 4:12 | Crear | Villager (Male) |
| 4:12 | Crear | Villager (Male) |
| 4:12 | Crear | Villager (Male) |
| 4:49 | Crear | Villager (Male) |
| 4:50 | Crear | Villager (Male) |
| 4:50 | Crear | Villager (Male) |
| 4:50 | Crear | Villager (Male) |
| 5:07 | Crear | Villager (Male) |
| 5:07 | Crear | Villager (Male) |
| 5:27 | Construir | House |
| 5:28 | Construir | House |
| 5:29 | Construir | House |
| 5:31 | Construir | House |
| 5:35 | Construir | Mill |
| 5:46 | Crear | Villager (Male) |
| 5:49 | Crear | Villager (Male) |
| 7:30 | Crear | Villager (Male) |
| 7:31 | Crear | Villager (Male) |
| 7:31 | Crear | Villager (Male) |
| 7:31 | Crear | Villager (Male) |
| 7:31 | Crear | Villager (Male) |
| 8:41 | Investigar | Loom |
| 9:19 | Investigar | Feudal Age |
| 9:38 | Construir | Mining Camp |
| 9:50 | Construir | Barracks |
| 10:21 | Construir | Farm |
| 10:21 | Construir | Farm |
| 11:37 | Crear | Villager (Male) |
| 11:37 | Crear | Villager (Male) |
| 11:38 | Crear | Villager (Male) |
| 11:52 | Edad | Edad Feudal |
| 11:58 | Construir | Archery Range |
| 11:59 | Construir | Archery Range |
| 12:11 | Investigar | Double-Bit Axe |
| 12:15 | Crear | Villager (Male) |
| 12:24 | Construir | Farm |
| 13:13 | Construir | Blacksmith |
| 13:16 | Crear | Archer |
| 13:16 | Crear | Archer |
| 13:21 | Crear | Villager (Male) |
| 13:21 | Crear | Villager (Male) |
| 13:32 | Crear | Spearman |
| 13:33 | Crear | Spearman |
| 13:33 | Crear | Spearman |
| 15:33 | Crear | Spearman |
| 15:34 | Crear | Spearman |
| 15:52 | Construir | Farm |
| 15:52 | Construir | Farm |
| 16:28 | Crear | Spearman |
| 16:28 | Crear | Spearman |
| 16:29 | Crear | Spearman |
| 18:45 | Crear | Spearman |
| 18:45 | Crear | Spearman |
| 18:46 | Crear | Spearman |
| 20:07 | Crear | Spearman |
| 20:07 | Crear | Spearman |
| 20:08 | Crear | Spearman |
| 20:17 | Crear | Archer |
| 20:17 | Crear | Archer |
| 20:17 | Crear | Archer |
| 20:18 | Crear | Archer |
| 20:24 | Construir | House |
| 20:26 | Construir | House |
| 20:27 | Construir | House |
| 20:28 | Construir | House |
| 20:35 | Crear | Villager (Male) |
| 20:36 | Crear | Villager (Male) |
| 20:36 | Crear | Villager (Male) |
| 21:22 | Construir | Stone Wall |
| 21:28 | Construir | Stone Wall |
| 21:45 | Construir | Stone Wall |
| 23:11 | Construir | Gate |
| 23:20 | Construir | Farm |
| 23:21 | Construir | Farm |
| 23:21 | Construir | Farm |
| 23:49 | Construir | House |
| 24:45 | Construir | Farm |
| 24:45 | Construir | Farm |
| 24:56 | Construir | Stone Wall |
| 25:52 | Crear | Villager (Male) |
| 25:53 | Crear | Villager (Male) |
| 25:53 | Crear | Villager (Male) |
| 25:53 | Crear | Villager (Male) |
| 25:58 | Investigar | Castle Age |
| 26:06 | Investigar | Gold Mining |
| 26:12 | Investigar | Horse Collar |
| 26:23 | Crear | Archer ×5 |
| 26:23 | Crear | Archer ×5 |
| 26:40 | Investigar | Fletching |
| 27:04 | Construir | Palisade Wall |
| 27:12 | Construir | Palisade Wall |
| 27:16 | Construir | Palisade Gate |
| 28:14 | Construir | House |
| 28:16 | Construir | House |
| 28:38 | Edad | Edad de los Castillos |
| 28:51 | Crear | Villager (Male) |
| 28:52 | Crear | Villager (Male) |
| 28:52 | Crear | Villager (Male) |
| 28:52 | Crear | Villager (Male) |
| 28:52 | Crear | Villager (Male) |
| 28:53 | Crear | Villager (Male) |
| 29:24 | Construir | Stone Wall |
| 29:44 | Construir | Mining Camp |
| 30:08 | Construir | Lumber Camp |
| 30:38 | Crear | Villager (Male) |
| 30:38 | Crear | Villager (Male) |
| 30:44 | Investigar | Bodkin Arrow |
| 30:51 | Construir | Farm |
| 30:52 | Construir | Farm |
| 30:54 | Construir | Farm |
| 30:56 | Construir | Farm |
| 31:08 | Construir | Farm |
| 31:39 | Investigar | Bow Saw |
| 32:36 | Construir | Mill |
| 32:39 | Construir | Farm |
| 32:40 | Construir | Farm |
| 32:40 | Construir | Farm |
| 32:40 | Construir | Farm |
| 32:48 | Construir | Farm |
| 32:54 | Investigar | Crossbowman (upgrade) |
| 33:35 | Crear | Archer ×5 |
| 33:35 | Crear | Archer ×5 |
| 33:51 | Construir | University |
| 34:01 | Crear | Villager (Male) |
| 34:01 | Crear | Villager (Male) |
| 34:01 | Crear | Villager (Male) |
| 34:01 | Crear | Villager (Male) |
| 34:03 | Crear | Villager (Male) |
| 35:19 | Construir | Farm |
| 35:34 | Construir | House |
| 35:34 | Construir | House |
| 35:35 | Construir | House |
| 35:35 | Construir | House |
| 35:35 | Construir | House |
Build order — Levreap
Primeras 150 de 345 acciones detectadas
| 0:03 | Construir | House |
| 0:04 | Construir | House |
| 0:05 | Crear | Villager (Male) ×4 |
| 2:02 | Crear | Villager (Male) |
| 2:02 | Crear | Villager (Male) |
| 2:19 | Crear | Villager (Male) |
| 2:20 | Crear | Villager (Male) |
| 2:37 | Crear | Villager (Male) |
| 3:16 | Crear | Villager (Male) |
| 3:20 | Construir | House |
| 3:21 | Construir | House |
| 3:24 | Crear | Villager (Male) |
| 3:43 | Construir | Lumber Camp |
| 4:14 | Crear | Villager (Male) |
| 4:38 | Crear | Villager (Male) |
| 5:06 | Crear | Villager (Male) |
| 5:09 | Crear | Villager (Male) |
| 5:47 | Construir | Mill |
| 5:49 | Crear | Villager (Male) |
| 6:14 | Investigar | Loom |
| 7:02 | Investigar | Feudal Age |
| 8:32 | Construir | Barracks |
| 8:41 | Construir | House |
| 8:42 | Construir | House |
| 8:51 | Crear | Villager (Male) |
| 8:52 | Crear | Villager (Male) |
| 9:12 | Edad | Edad Feudal |
| 9:32 | Crear | Villager (Male) |
| 10:00 | Construir | Stable |
| 10:20 | Crear | Villager (Male) |
| 10:55 | Crear | Villager (Male) |
| 10:56 | Crear | Villager (Male) |
| 10:59 | Crear | Scout Cavalry |
| 10:59 | Crear | Scout Cavalry |
| 11:14 | Construir | Farm |
| 11:14 | Construir | Farm |
| 11:14 | Construir | Farm |
| 11:15 | Construir | Farm |
| 11:36 | Crear | Scout Cavalry |
| 11:43 | Crear | Villager (Male) |
| 11:50 | Investigar | Double-Bit Axe |
| 12:25 | Crear | Villager (Male) |
| 12:35 | Crear | Scout Cavalry |
| 12:55 | Construir | House |
| 12:57 | Construir | House |
| 12:58 | Construir | House |
| 13:04 | Construir | Farm |
| 13:05 | Construir | Farm |
| 13:05 | Construir | Farm |
| 13:05 | Construir | Farm |
| 13:06 | Construir | Farm |
| 13:06 | Construir | Farm |
| 13:42 | Crear | Villager (Male) |
| 13:42 | Crear | Villager (Male) |
| 13:55 | Crear | Scout Cavalry |
| 13:56 | Crear | Scout Cavalry |
| 13:56 | Crear | Scout Cavalry |
| 14:12 | Crear | Villager (Male) |
| 14:42 | Construir | Farm |
| 14:43 | Construir | Farm |
| 14:43 | Construir | Farm |
| 14:59 | Crear | Villager (Male) |
| 14:59 | Crear | Villager (Male) |
| 15:29 | Crear | Villager (Male) |
| 15:31 | Construir | Farm |
| 15:31 | Construir | Farm |
| 15:32 | Construir | Farm |
| 15:32 | Construir | Farm |
| 15:36 | Investigar | Horse Collar |
| 15:38 | Crear | Villager (Male) |
| 15:43 | Construir | Mining Camp |
| 16:17 | Crear | Scout Cavalry |
| 16:28 | Crear | Villager (Male) |
| 16:32 | Construir | Farm |
| 16:33 | Construir | Farm |
| 16:33 | Construir | Farm |
| 16:33 | Construir | Farm |
| 16:34 | Construir | Farm |
| 16:45 | Crear | Scout Cavalry |
| 17:05 | Crear | Villager (Male) |
| 17:05 | Crear | Villager (Male) |
| 17:13 | Crear | Scout Cavalry |
| 17:27 | Crear | Villager (Male) |
| 17:31 | Construir | Farm |
| 17:31 | Construir | Farm |
| 17:39 | Construir | Mining Camp |
| 18:15 | Crear | Villager (Male) |
| 18:56 | Crear | Villager (Male) |
| 18:56 | Crear | Villager (Male) |
| 18:57 | Crear | Villager (Male) |
| 19:10 | Construir | House |
| 19:14 | Construir | House |
| 19:17 | Construir | Blacksmith |
| 19:25 | Investigar | Bloodlines |
| 19:39 | Construir | Farm |
| 19:39 | Construir | Farm |
| 20:14 | Crear | Villager (Male) |
| 20:15 | Crear | Villager (Male) |
| 20:22 | Construir | House |
| 20:43 | Crear | Scout Cavalry |
| 20:45 | Crear | Villager (Male) |
| 20:52 | Construir | Lumber Camp |
| 21:26 | Crear | Villager (Male) |
| 21:30 | Investigar | Castle Age |
| 21:54 | Crear | Militia |
| 21:54 | Crear | Militia |
| 23:05 | Crear | Villager (Male) |
| 23:05 | Crear | Villager (Male) |
| 23:08 | Construir | Farm |
| 23:51 | Construir | Market |
| 24:10 | Edad | Edad de los Castillos |
| 26:04 | Crear | Villager (Male) |
| 26:04 | Crear | Villager (Male) |
| 26:04 | Crear | Villager (Male) |
| 26:18 | Construir | Palisade Wall |
| 26:23 | Construir | Lumber Camp |
| 26:42 | Construir | Castle |
| 26:45 | Crear | Scout Cavalry |
| 26:45 | Crear | Scout Cavalry |
| 26:46 | Crear | Scout Cavalry |
| 26:49 | Investigar | Pikeman (upgrade) |
| 26:50 | Crear | Spearman |
| 26:51 | Crear | Spearman |
| 26:51 | Crear | Spearman |
| 26:59 | Crear | Villager (Male) |
| 26:59 | Crear | Villager (Male) |
| 27:24 | Crear | Scout Cavalry |
| 27:24 | Crear | Scout Cavalry |
| 27:45 | Construir | Lumber Camp |
| 28:08 | Crear | Villager (Male) |
| 28:18 | Construir | House |
| 28:19 | Construir | House |
| 28:21 | Construir | House |
| 28:22 | Construir | House |
| 28:23 | Construir | House |
| 28:37 | Investigar | Man-at-Arms (upgrade) |
| 28:56 | Crear | Mangudai |
| 28:56 | Crear | Mangudai |
| 28:56 | Crear | Mangudai |
| 29:34 | Crear | Villager (Male) |
| 29:34 | Crear | Villager (Male) |
| 29:35 | Crear | Villager (Male) |
| 29:56 | Crear | Scout Cavalry |
| 29:56 | Crear | Scout Cavalry |
| 30:13 | Construir | Town Center |
| 30:17 | Crear | Villager (Male) |
| 30:17 | Crear | Villager (Male) |
| 30:18 | Crear | Villager (Male) |
| 30:30 | Crear | Mangudai |
| 30:30 | Crear | Mangudai |
Build order — mgabriels
Primeras 150 de 584 acciones detectadas
| 0:02 | Construir | House |
| 0:03 | Construir | House |
| 0:04 | Crear | Villager (Male) |
| 0:28 | Crear | Villager (Male) |
| 1:06 | Crear | Villager (Male) |
| 1:21 | Crear | Villager (Male) |
| 1:36 | Crear | Villager (Male) |
| 2:05 | Crear | Villager (Male) |
| 2:07 | Construir | Lumber Camp |
| 2:25 | Crear | Villager (Male) |
| 2:51 | Crear | Villager (Male) |
| 3:27 | Crear | Villager (Male) |
| 3:45 | Construir | House |
| 3:47 | Crear | Villager (Male) |
| 4:12 | Crear | Villager (Male) |
| 4:19 | Construir | Mill |
| 4:42 | Crear | Villager (Male) |
| 4:54 | Crear | Villager (Male) |
| 5:15 | Crear | Villager (Male) |
| 5:26 | Crear | Villager (Male) |
| 5:43 | Crear | Villager (Male) |
| 5:46 | Construir | House |
| 5:50 | Crear | Villager (Male) |
| 6:11 | Crear | Villager (Male) |
| 6:24 | Construir | Lumber Camp |
| 6:32 | Crear | Villager (Male) |
| 7:04 | Crear | Villager (Male) |
| 7:27 | Crear | Villager (Male) |
| 7:43 | Crear | Villager (Male) |
| 7:50 | Construir | House |
| 7:59 | Crear | Villager (Male) |
| 8:41 | Crear | Villager (Male) |
| 9:19 | Investigar | Feudal Age |
| 9:53 | Crear | Villager (Male) |
| 10:09 | Construir | Mining Camp |
| 10:35 | Construir | Palisade Gate |
| 10:37 | Construir | Palisade Wall |
| 11:09 | Construir | House |
| 11:34 | Construir | Palisade Wall |
| 11:43 | Construir | Farm |
| 11:46 | Construir | Farm |
| 11:51 | Construir | Farm |
| 11:56 | Construir | Palisade Wall |
| 12:04 | Construir | Farm |
| 12:10 | Construir | Farm |
| 12:13 | Construir | Farm |
| 12:26 | Edad | Edad Feudal |
| 12:38 | Construir | Market |
| 12:47 | Construir | Blacksmith |
| 12:52 | Crear | Villager (Male) |
| 13:08 | Construir | Barracks |
| 13:13 | Crear | Villager (Male) |
| 13:16 | Investigar | Double-Bit Axe |
| 13:32 | Construir | Farm |
| 13:47 | Crear | Villager (Male) |
| 14:04 | Construir | Farm |
| 14:12 | Construir | Farm |
| 14:21 | Crear | Villager (Male) |
| 14:24 | Investigar | Loom |
| 14:32 | Construir | Stable |
| 14:36 | Construir | House |
| 14:39 | Investigar | Castle Age |
| 14:48 | Construir | Palisade Gate |
| 15:09 | Construir | House |
| 15:11 | Construir | House |
| 15:13 | Construir | House |
| 15:15 | Construir | House |
| 15:29 | Crear | Villager (Male) |
| 15:39 | Construir | Farm |
| 15:39 | Construir | Farm |
| 15:45 | Construir | Farm |
| 15:49 | Construir | Farm |
| 15:53 | Construir | Farm |
| 15:59 | Construir | Farm |
| 16:01 | Crear | Scout Cavalry |
| 16:12 | Investigar | Forging |
| 16:23 | Construir | Farm |
| 16:33 | Investigar | Horse Collar |
| 16:33 | Investigar | Horse Collar |
| 16:40 | Crear | Scout Cavalry |
| 16:52 | Construir | Farm |
| 17:02 | Construir | Farm |
| 17:05 | Crear | Scout Cavalry |
| 17:12 | Crear | Villager (Male) |
| 17:29 | Edad | Edad de los Castillos |
| 17:33 | Construir | Farm |
| 17:40 | Crear | Scout Cavalry |
| 18:13 | Crear | Spearman |
| 18:29 | Crear | Villager (Male) |
| 18:30 | Crear | Villager (Male) |
| 18:40 | Crear | Spearman |
| 18:41 | Investigar | Pikeman (upgrade) |
| 18:43 | Crear | Villager (Male) |
| 18:49 | Construir | Barracks |
| 18:57 | Construir | Palisade Gate |
| 19:01 | Construir | House |
| 19:06 | Investigar | Bloodlines |
| 19:27 | Crear | Villager (Male) |
| 19:35 | Construir | House |
| 19:49 | Construir | Palisade Wall |
| 19:54 | Construir | House |
| 20:12 | Crear | Scout Cavalry |
| 20:18 | Crear | Villager (Male) |
| 20:28 | Crear | Spearman |
| 20:30 | Investigar | Squires |
| 20:47 | Crear | Villager (Male) |
| 21:01 | Investigar | Bow Saw |
| 21:07 | Construir | Town Center |
| 21:14 | Construir | Monastery |
| 21:27 | Crear | Villager (Male) |
| 21:45 | Crear | Villager (Male) |
| 21:54 | Construir | Farm |
| 21:54 | Construir | Farm |
| 22:07 | Crear | Villager (Male) |
| 22:07 | Crear | Villager (Male) |
| 22:14 | Crear | Monk |
| 22:41 | Investigar | Light Cavalry (upgrade) |
| 22:45 | Crear | Villager (Male) |
| 22:45 | Crear | Villager (Male) |
| 22:53 | Construir | Farm |
| 22:53 | Construir | Farm |
| 22:53 | Construir | Farm |
| 23:15 | Crear | Villager (Male) |
| 23:16 | Crear | Villager (Male) |
| 23:28 | Crear | Spearman |
| 23:34 | Crear | Spearman |
| 23:35 | Crear | Scout Cavalry |
| 23:40 | Crear | Villager (Male) |
| 23:40 | Crear | Villager (Male) |
| 23:44 | Investigar | Scale Barding Armor |
| 24:02 | Crear | Villager (Male) |
| 24:03 | Crear | Villager (Male) |
| 24:13 | Investigar | Gold Mining |
| 24:29 | Construir | Palisade Gate |
| 24:38 | Crear | Villager (Male) |
| 24:38 | Crear | Villager (Male) |
| 24:39 | Crear | Villager (Male) |
| 24:44 | Construir | Farm |
| 24:44 | Construir | Farm |
| 24:45 | Construir | Farm |
| 24:45 | Construir | Farm |
| 25:06 | Construir | Stone Wall |
| 25:12 | Crear | Villager (Male) |
| 25:12 | Crear | Villager (Male) |
| 25:13 | Crear | Villager (Male) |
| 25:34 | Construir | Town Center |
| 25:36 | Crear | Villager (Male) |
| 25:36 | Crear | Villager (Male) |
| 26:08 | Crear | Villager (Male) |
| 26:32 | Construir | Palisade Wall |
Build order — Yuriya
Primeras 150 de 347 acciones detectadas
| 0:12 | Crear | Villager (Male) |
| 0:12 | Crear | Villager (Male) |
| 0:13 | Crear | Villager (Male) |
| 0:14 | Construir | House |
| 0:17 | Construir | House |
| 0:18 | Crear | Villager (Male) |
| 0:19 | Crear | Villager (Male) |
| 1:41 | Crear | Villager (Male) |
| 1:57 | Construir | Lumber Camp |
| 2:25 | Crear | Villager (Male) |
| 2:51 | Crear | Villager (Male) |
| 2:51 | Crear | Villager (Male) |
| 2:51 | Crear | Villager (Male) |
| 3:14 | Crear | Villager (Male) |
| 3:41 | Crear | Villager (Male) |
| 4:25 | Crear | Villager (Male) |
| 4:25 | Crear | Villager (Male) |
| 4:51 | Construir | House |
| 4:56 | Construir | Palisade Wall |
| 5:00 | Crear | Villager (Male) |
| 5:25 | Crear | Villager (Male) |
| 6:15 | Construir | House |
| 6:18 | Crear | Villager (Male) |
| 6:45 | Construir | House |
| 7:17 | Construir | Mill |
| 7:23 | Construir | House |
| 7:40 | Crear | Villager (Male) |
| 7:40 | Crear | Villager (Male) |
| 7:45 | Construir | Palisade Wall |
| 8:02 | Crear | Villager (Male) |
| 8:18 | Construir | Barracks |
| 8:22 | Crear | Villager (Male) |
| 8:33 | Construir | Mining Camp |
| 8:41 | Construir | Palisade Wall |
| 9:29 | Investigar | Loom |
| 9:36 | Investigar | Feudal Age |
| 10:03 | Construir | Palisade Wall |
| 10:11 | Construir | Palisade Wall |
| 10:24 | Construir | House |
| 10:27 | Construir | Palisade Wall |
| 10:53 | Construir | Outpost |
| 11:04 | Crear | Villager (Male) |
| 11:04 | Crear | Villager (Male) |
| 11:28 | Construir | Palisade Gate |
| 11:35 | Construir | Lumber Camp |
| 12:04 | Edad | Edad Feudal |
| 12:15 | Investigar | Double-Bit Axe |
| 12:17 | Crear | Villager (Male) |
| 12:41 | Construir | Palisade Wall |
| 12:50 | Crear | Villager (Male) |
| 13:04 | Construir | House |
| 13:29 | Construir | Palisade Gate |
| 13:40 | Construir | House |
| 13:50 | Construir | Archery Range |
| 13:57 | Crear | Villager (Male) |
| 13:57 | Crear | Villager (Male) |
| 13:58 | Crear | Villager (Male) |
| 13:58 | Crear | Villager (Male) |
| 14:05 | Construir | Farm |
| 14:07 | Construir | Farm |
| 15:02 | Construir | Blacksmith |
| 15:07 | Crear | Archer |
| 15:07 | Crear | Archer |
| 15:07 | Crear | Archer |
| 15:11 | Crear | Villager (Male) |
| 15:18 | Construir | Farm |
| 15:27 | Construir | Farm |
| 15:50 | Investigar | Fletching |
| 16:01 | Construir | Farm |
| 16:02 | Construir | Farm |
| 16:02 | Construir | Farm |
| 16:16 | Crear | Villager (Male) |
| 16:17 | Crear | Villager (Male) |
| 16:33 | Construir | Farm |
| 16:38 | Construir | Farm |
| 16:38 | Construir | Farm |
| 16:48 | Construir | Farm |
| 16:54 | Crear | Villager (Male) |
| 17:08 | Construir | Farm |
| 17:08 | Construir | Farm |
| 17:08 | Construir | Farm |
| 17:21 | Construir | Farm |
| 17:23 | Crear | Villager (Male) |
| 17:42 | Crear | Villager (Male) |
| 17:46 | Investigar | Arson |
| 18:10 | Investigar | Horse Collar |
| 18:21 | Crear | Villager (Male) |
| 18:41 | Crear | Villager (Male) |
| 18:47 | Construir | Farm |
| 18:48 | Construir | Farm |
| 18:55 | Crear | Villager (Male) |
| 19:58 | Crear | Villager (Male) |
| 19:59 | Crear | Villager (Male) |
| 20:32 | Crear | Villager (Male) |
| 20:38 | Construir | Farm |
| 21:13 | Construir | Barracks |
| 21:15 | Construir | Barracks |
| 21:18 | Construir | Barracks |
| 21:20 | Investigar | Forging |
| 21:21 | Investigar | Scale Mail Armor |
| 21:31 | Investigar | Castle Age |
| 21:41 | Crear | Archer |
| 21:42 | Crear | Archer |
| 21:42 | Crear | Archer |
| 21:43 | Crear | Archer |
| 21:43 | Crear | Archer |
| 21:44 | Crear | Archer |
| 22:25 | Construir | Barracks |
| 22:35 | Investigar | Forging |
| 22:36 | Investigar | Scale Mail Armor |
| 23:22 | Construir | Archery Range |
| 23:24 | Construir | Archery Range |
| 23:26 | Construir | Archery Range |
| 23:29 | Construir | Archery Range |
| 23:46 | Construir | Mining Camp |
| 24:11 | Edad | Edad de los Castillos |
| 24:15 | Investigar | Bodkin Arrow |
| 24:16 | Investigar | Iron Casting |
| 24:18 | Investigar | Chain Mail Armor |
| 24:25 | Crear | Villager (Male) |
| 24:26 | Crear | Villager (Male) |
| 24:26 | Crear | Villager (Male) |
| 24:56 | Construir | Town Center |
| 25:06 | Crear | Villager (Male) |
| 25:07 | Crear | Villager (Male) |
| 25:17 | Construir | House |
| 25:21 | Investigar | Crossbowman (upgrade) |
| 25:29 | Investigar | Squires |
| 26:11 | Construir | Farm |
| 26:15 | Crear | Villager (Male) |
| 26:15 | Crear | Villager (Male) |
| 26:16 | Crear | Villager (Male) |
| 26:16 | Crear | Villager (Male) |
| 26:16 | Crear | Villager (Male) |
| 26:16 | Crear | Villager (Male) |
| 26:21 | Crear | Villager (Male) |
| 26:22 | Crear | Villager (Male) |
| 27:07 | Construir | Siege Workshop |
| 27:14 | Investigar | Pikeman (upgrade) |
| 27:24 | Crear | Villager (Male) |
| 27:24 | Crear | Villager (Male) |
| 27:25 | Crear | Villager (Male) |
| 27:29 | Construir | Farm |
| 27:49 | Crear | Villager (Male) |
| 27:57 | Construir | House |
| 28:13 | Construir | House |
| 28:30 | Construir | Mining Camp |
| 28:37 | Crear | Villager (Male) |
| 28:38 | Crear | Villager (Male) |
| 28:39 | Crear | Villager (Male) |
Cronología de la partida
| 4:56 | Yuriya · wall_segment Palisade Wall x6 |
| 7:45 | Yuriya · wall_segment Palisade Wall x5 |
| 8:18 | Yuriya · first_building Barracks |
| 8:32 | Levreap · first_building Barracks |
| 8:41 | Yuriya · wall_segment Palisade Wall x13 |
| 9:02 | Painbath · first_building Barracks |
| 9:12 | Levreap · age_up feudal |
| 9:50 | IvoRacing92 · first_building Barracks |
| 10:00 | Levreap · first_building Stable |
| 10:03 | Yuriya · wall_segment Palisade Wall x12 |
| 10:11 | Yuriya · wall_segment Palisade Wall x12 |
| 10:27 | Yuriya · wall_segment Palisade Wall x4 |
| 10:37 | mgabriels · wall_segment Palisade Wall x2 |
| 10:40 | zizoo_nico · age_up feudal |
| 10:46 | zizoo_nico · first_building Stable |
| 11:34 | mgabriels · wall_segment Palisade Wall x5 |
| 11:52 | IvoRacing92 · age_up feudal |
| 11:56 | mgabriels · wall_segment Palisade Wall x13 |
| 11:58 | IvoRacing92 · first_building Archery Range |
| 12:00 | Painbath · age_up feudal |
| 12:04 | Yuriya · age_up feudal |
| 12:26 | mgabriels · age_up feudal |
| 12:41 | Yuriya · wall_segment Palisade Wall x14 |
| 13:08 | mgabriels · first_building Barracks |
| 13:21 | Painbath · first_building Archery Range |
| 13:50 | Yuriya · first_building Archery Range |
| 13:58 | Painbath · wall_segment Palisade Wall x4 |
| 14:32 | mgabriels · first_building Stable |
| 15:06 | Painbath · wall_segment Palisade Wall x10 |
| 16:30 | zizoo_nico · first_building Archery Range |
| 17:29 | mgabriels · age_up castle |
| 19:49 | mgabriels · wall_segment Palisade Wall x1 |
| 21:14 | mgabriels · first_building Monastery |
| 21:20 | zizoo_nico · age_up castle |
| 21:22 | IvoRacing92 · wall_segment Stone Wall x15 |
| 21:28 | IvoRacing92 · wall_segment Stone Wall x13 |
| 21:45 | IvoRacing92 · wall_segment Stone Wall x6 |
| 22:34 | Painbath · wall_segment Stone Wall x8 |
| 24:10 | Levreap · age_up castle |
| 24:11 | Yuriya · age_up castle |
| 24:28 | Painbath · age_up castle |
| 24:56 | IvoRacing92 · wall_segment Stone Wall x12 |
| 25:06 | mgabriels · wall_segment Stone Wall x5 |
| 25:27 | mgabriels · first_market_buy 100 stone |
| 26:18 | Levreap · wall_segment Palisade Wall x2 |
| 26:32 | mgabriels · wall_segment Palisade Wall x12 |
| 26:42 | Levreap · first_building Castle |
| 27:04 | IvoRacing92 · wall_segment Palisade Wall x12 |
| 27:07 | Yuriya · first_building Siege Workshop |
| 27:12 | IvoRacing92 · wall_segment Palisade Wall x18 |
| 28:33 | mgabriels · first_building Archery Range |
| 28:38 | IvoRacing92 · age_up castle |
| 29:12 | Painbath · wall_segment Stone Wall x8 |
| 29:24 | IvoRacing92 · wall_segment Stone Wall x5 |
| 31:00 | zizoo_nico · first_building Barracks |
| 31:01 | Levreap · first_building Siege Workshop |
| 31:46 | Yuriya · first_market_sell 100 wood |
| 31:49 | Yuriya · first_market_buy 100 wood |
| 31:53 | mgabriels · wall_segment Stone Wall x10 |
| 35:54 | Levreap · wall_segment Stone Wall x16 |
| 37:05 | zizoo_nico · first_building Castle |
| 37:10 | Yuriya · first_building Castle |
| 37:15 | mgabriels · first_building Siege Workshop |
| 38:19 | IvoRacing92 · first_building Castle |
| 39:06 | mgabriels · age_up imperial |
| 40:38 | Painbath · first_market_buy 100 stone |
| 40:45 | Painbath · first_market_sell 100 wood |
| 40:46 | IvoRacing92 · tribute_sent a jugador 1 |
| 40:46 | IvoRacing92 · tribute_sent a jugador 3 |
| 40:46 | IvoRacing92 · tribute_sent a jugador 4 |
| 40:46 | IvoRacing92 · tribute_sent a jugador 5 |
| 40:46 | IvoRacing92 · tribute_sent a jugador 6 |
| 41:03 | mgabriels · first_building Castle |
| 41:09 | zizoo_nico · age_up imperial |
| 42:28 | Levreap · age_up imperial |
| 47:00 | Yuriya · age_up imperial |
| 47:54 | mgabriels · first_market_sell 500 food |
| 49:18 | IvoRacing92 · first_market_buy 100 stone |
| 50:24 | IvoRacing92 · first_market_sell 500 food |
| 57:02 | IvoRacing92 · resign |
[ ANÁLISIS IA · 1 CRÉDITO ]
¿Qué pasó realmente en esta partida?
Wolo.gg analiza cada decisión: build order, eco, micro, errores típicos por bracket. Análisis personalizado por WhatsApp o Discord en 30 segundos.
Guía civ
Etíopes
Perfil
Jugador #14545447